[Event "Polish Youth Ekstraliga 2022"]
[Site "Lublin"]
[Date "2022.06.26"]
[Round "2.17"]
[White "Adamczyk, Zuzanna"]
[Black "Siekanska, Maria"]
[Result "1/2-1/2"]
[ECO "E38"]
[WhiteElo "1909"]
[BlackElo "1964"]
[Annotator "NA RC"]
[PlyCount "101"]
[EventDate "2022.06.24"]
[EventType "team-tourn"]
[EventCountry "POL"]
[SourceTitle "playchess.com"]
[Source "ChessBase"]
[SourceQuality "1"]
[TimeControl "40/5400+30:1800+30"]

1. d4 Nf6 2. c4 e6 3. Nc3 Bb4 4. Qc2 c5 5. dxc5 Bxc5 6. e4 d6 7. h3 Nbd7 8. a3 a6 9. Nf3 O-O 10. Be2 Bb6 11. O-O Bc7 12. Rd1 b6 13. b4 Bb7 14. Be3 Qb8 15. Ne1 Qa7 16. f3 Rac8 17. Qa2 Rfe8 18. Bf2 Qa8 19. Bf1 Kh8 20. Nc2 Rg8 21. Ne3 g5 22. Qb2 Rg6 23. Ng4 Nxg4 24. hxg4 Kg8 25. Ne2 Qb8 26. g3 Ne5 27. Nd4 Qa8 28. Rac1 Rh6 29. Bg2 b5 30. cxb5 axb5 31. Qd2 Bd8 32. Rxc8 Qxc8 33. Nxb5 d5 34. Nd6 Qa8 35. Nxb7 Nc4 36. Qe2 Qxb7 37. exd5 Nd6 38. Qe5 Qa6 39. Bf1 Qa4 40. Re1 exd5 41. Qxd5 Qxa3 42. b5 Qb2 43. Qa8 Qf6 44. b6 Kg7 45. Qa1 Qxa1 46. Rxa1 Nb7 47. Ra7 Rxb6 48. Bd4+ Kf8 49. Ra8 Rd6 50. Bb2 Ke7 51. Ba3 1/2-1/2

[Event "Polish Youth Ekstraliga 2022"]
[Site "Lublin"]
[Date "2022.06.26"]
[Round "2.18"]
[White "Ziobrowska, Maja"]
[Black "Gaszka, Zuzanna"]
[Result "1-0"]
[ECO "B15"]
[WhiteElo "1609"]
[BlackElo "1621"]
[Annotator "NA RC"]
[PlyCount "111"]
[EventDate "2022.06.24"]
[EventType "team-tourn"]
[EventCountry "POL"]
[SourceTitle "playchess.com"]
[Source "ChessBase"]
[SourceQuality "1"]
[TimeControl "40/5400+30:1800+30"]

1. e4 c6 2. d4 d5 3. Nc3 dxe4 4. Nxe4 Nf6 5. Nxf6+ exf6 6. Nf3 Bg4 7. Be2 Bd6 8. O-O O-O 9. c4 Re8 10. h3 Bh5 11. Bd2 Bc7 12. Bc3 Qd6 13. g3 Qe6 14. Re1 Qxh3 15. Ng5 Qd7 16. Bxh5 Rxe1+ 17. Qxe1 fxg5 18. Qe3 h6 19. Re1 Na6 20. b4 Bd6 21. a3 Nc7 22. d5 cxd5 23. Qd4 Bf8 24. Bf3 Rd8 25. Rd1 Ne6 26. Qxa7 d4 27. Bg4 Qc7 28. Bxe6 dxc3 29. Bd5 g6 30. Rc1 Bg7 31. Qxb7 Qxb7 32. Bxb7 Rd2 33. Bc6 Ra2 34. a4 Bd4 35. a5 Bxf2+ 36. Kf1 Bd4 37. c5 Kf8 38. Bb7 f5 39. a6 c2 40. Ke2 Ke7 41. Kd3 Be5 42. Rxc2 Ra3+ 43. Kc4 f4 44. gxf4 gxf4 45. b5 f3 46. Rf2 g5 47. Rxf3 Ra4+ 48. Kd5 Bf4 49. b6 g4 50. Rf1 Bb8 51. Re1+ Kf7 52. a7 Bxa7 53. bxa7 Rxa7 54. c6 g3 55. c7 Ra5+ 56. Kd6 1-0

[Event "Polish Youth Ekstraliga 2022"]
[Site "Lublin"]
[Date "2022.06.26"]
[Round "2.19"]
[White "Kutowski, Marcel"]
[Black "Baum, Jonasz"]
[Result "0-1"]
[ECO "B90"]
[WhiteElo "1954"]
[BlackElo "2409"]
[Annotator "TA"]
[PlyCount "132"]
[EventDate "2022.06.24"]
[EventType "team-tourn"]
[EventCountry "POL"]
[SourceTitle "playchess.com"]
[Source "ChessBase"]
[SourceQuality "1"]
[TimeControl "40/5400+30:1800+30"]

1. e4 c5 2. Nf3 d6 3. d4 cxd4 4. Nxd4 Nf6 5. Nc3 a6 6. Rg1 h5 {[%emt 0:18:15] B90: Sicilian Najdorf: Unusual White 6th moves, 6 Be3 Ng4 and 6 Be3 e5.} 7. Bg5 Nc6 8. Qd2 e6 {[%emt 0:09:16] [#] The position is equal.} 9. O-O-O $146 {[%emt 0:04:49] Nxc6 is the strong threat.} ({Predecessor:} 9. h3 Bd7 10. O-O-O Rc8 11. f4 Qb6 12. Be2 Nxd4 13. Qxd4 Qxd4 14. Rxd4 d5 15. Rgd1 {0-1 (58) Christiansen,J (2495)-Korobov,A (2652) Riadh 2017}) 9... Bd7 10. f4 Be7 11. g3 Qc7 12. Bg2 Rc8 13. Rge1 Na5 14. Bf1 {[%emt 0:09:11] Strongly threatening e5.} Nc4 {[%emt 0:17:38] Inhibits e5.} ({Black should try} 14... b5 $14) 15. Bxc4 $18 Qxc4 16. e5 Nd5 {[%emt 0:02:01] [#]} 17. Nxd5 (17. Bxe7 Nxc3 18. Qxc3 (18. bxc3 Qxa2 19. Nb3 Qa3+ 20. Kb1 Kxe7 $16) 18... Qxc3 19. bxc3 Kxe7 $14) 17... Bxg5 (17... Qxd5 18. Bxe7 Kxe7 19. Nf5+ Kf8) 18. Nb6 ({Inferior is} 18. fxg5 Qxd5 19. Qb4 Qxa2 $11) 18... Qxa2 19. Qb4 ({Less strong is} 19. Nb3 Rc6 $16) 19... Bd8 20. Nxc8 Bxc8 21. Qa3 (21. Nb3 $18 O-O 22. Kd2) 21... Qxa3 $14 22. bxa3 dxe5 (22... d5 $14) 23. Rxe5 $16 Be7 24. Re3 O-O 25. Kb1 g6 {[%emt 0:00:29] Inhibits Nf5.} (25... Rd8 $142) 26. Nf3 f6 27. Nd4 Rd8 28. Red3 Kf7 29. Kb2 Rd6 30. Nf3 Rc6 31. Rc3 Rxc3 32. Kxc3 {[%emt 0:00:20][%mdl 4096] Endgame KRN-KB} b5 33. Kb2 Bb7 34. Ne1 Bd5 35. Nd3 a5 36. Ra1 Bc6 37. Kc3 Bd6 38. Kd4 g5 39. c4 (39. a4 $1 $14 b4 40. fxg5) 39... gxf4 $11 40. gxf4 bxc4 41. Kxc4 Kg6 42. Kd4 Kf5 43. Ke3 a4 44. Rc1 Bd5 45. Rc3 Bb3 46. Nc5 Bxf4+ 47. Kf2 Bd5 ({But not} 47... Bxh2 48. Nxb3 axb3 49. Rxb3 $18) 48. Nxa4 Be5 {[%emt 0:02:00] A strong pair of Bishops.} 49. Rd3 {[%emt 0:00:37] Against Bd4+} Be4 50. Rb3 Bd4+ 51. Kg3 e5 {[%emt 0:01:14][%mdl 1024] Black has compensation.} 52. Nb6 (52. Nc3 $11 {keeps the balance.}) 52... Bc2 {[%emt 0:01:04] Black is more active.} (52... Ke6 $17 {White must now prevent ...f5.} 53. Kh4 Bc2) 53. Rb4 $1 $15 Ke4 54. Nd7 $1 f5 55. Nf6+ $1 Ke3 {[%emt 0:00:20] aiming for ...f4+.} 56. Nd5+ Ke2 57. h4 $2 {[%emt 0:02:35][%mdl 8192] [#]} (57. Kh4 $11) 57... Be4 $1 $19 58. Nf6 f4+ 59. Kh2 Bg6 {[%emt 0:00:40] ( -> ...f3)} 60. Nd5 f3 {[%emt 0:01:51] Black mates.} 61. Rxd4 exd4 {[%emt 0:00:37] KB-KN} 62. Nf4+ Ke3 63. Kg3 {[%emt 0:00:54] [#]} d3 $1 64. Nh3 (64. Nd5+ Kd4) 64... d2 65. Nf2 Bc2 66. a4 d1=Q {[%emt 0:00:24] Black used his chance.  Weighted Error Value: White=0.54/Black=0.23 (precise)} 0-1

[Event "Polish Youth Ekstraliga 2022"]
[Site "Lublin"]
[Date "2022.06.26"]
[Round "2.20"]
[White "Zdybel, Przemyslaw"]
[Black "Wilk, Igor"]
[Result "1-0"]
[ECO "B11"]
[WhiteElo "2037"]
[BlackElo "1824"]
[Annotator "NA RC"]
[PlyCount "63"]
[EventDate "2022.06.24"]
[EventType "team-tourn"]
[EventCountry "POL"]
[SourceTitle "playchess.com"]
[Source "ChessBase"]
[SourceQuality "1"]
[TimeControl "40/5400+30:1800+30"]

1. e4 c6 2. Nf3 d5 3. Nc3 Bg4 4. h3 Bxf3 5. Qxf3 e6 6. d3 Nd7 7. a3 Ngf6 8. g3 g6 9. Bg2 Bg7 10. Qe2 d4 11. Nb1 e5 12. O-O Qe7 13. Nd2 O-O-O 14. b4 Ne8 15. a4 Nd6 16. Nb3 Kb8 17. Ba3 Rc8 18. c4 f5 19. c5 Nf7 20. exf5 gxf5 21. b5 e4 22. bxc6 Rxc6 23. Na5 Nde5 24. Nxc6+ Nxc6 25. Rab1 Re8 26. Qh5 Qf6 27. Bc1 h6 28. Bf4+ Kc8 29. Rfe1 Nce5 30. dxe4 Nd3 31. e5 Ndxe5 32. Bxe5 1-0

[Event "Polish Youth Ekstraliga 2022"]
[Site "Lublin"]
[Date "2022.06.26"]
[Round "2.21"]
[White "Bartoszczuk, Adam"]
[Black "Mulawa, Cyprian"]
[Result "1-0"]
[ECO "B83"]
[WhiteElo "1662"]
[BlackElo "2050"]
[Annotator "NA RC"]
[PlyCount "89"]
[EventDate "2022.06.24"]
[EventType "team-tourn"]
[EventCountry "POL"]
[SourceTitle "playchess.com"]
[Source "ChessBase"]
[SourceQuality "1"]
[TimeControl "40/5400+30:1800+30"]

1. e4 c5 2. Nf3 e6 3. d4 cxd4 4. Nxd4 Nf6 5. Nc3 d6 6. Be2 Be7 7. O-O O-O 8. Be3 a6 9. f4 Qc7 10. Qe1 Nbd7 11. Bf3 Nb6 12. Rd1 Bd7 13. Qg3 Kh8 14. e5 dxe5 15. fxe5 Ng8 16. Be4 Nc4 17. Bf4 Rac8 18. Nce2 b5 19. b3 Nb6 20. Rf3 g6 21. Rdf1 Kg7 22. Be3 Qb8 23. Nf4 Kh8 24. Bxg6 fxg6 25. Nxg6+ hxg6 26. Qxg6 Bh4 27. Rh3 Rxf1+ 28. Kxf1 Rf8+ 29. Kg1 Qd8 30. g3 Be8 31. Qg4 Rf7 32. Rxh4+ Rh7 33. Rxh7+ Kxh7 34. Nxe6 Qe7 35. Bxb6 Nh6 36. Ng5+ Kh8 37. Qf4 Bg6 38. c3 Nf5 39. Bd4 Qb7 40. e6+ Kg8 41. Qe5 Nxd4 42. Qxd4 Qc8 43. e7 Qf5 44. Qd8+ Kg7 45. Qf8+ 1-0

[Event "Polish Youth Ekstraliga 2022"]
[Site "Lublin"]
[Date "2022.06.26"]
[Round "2.22"]
[White "Suska, Szymon"]
[Black "Kaszuba, Michal"]
[Result "1-0"]
[ECO "A01"]
[WhiteElo "1604"]
[BlackElo "1307"]
[Annotator "NA RC"]
[PlyCount "131"]
[EventDate "2022.06.24"]
[EventType "team-tourn"]
[EventCountry "POL"]
[SourceTitle "playchess.com"]
[Source "ChessBase"]
[SourceQuality "1"]
[TimeControl "40/5400+30:1800+30"]

1. b3 d5 2. Bb2 c6 3. Nf3 Nf6 4. e3 Bf5 5. Be2 e6 6. Ne5 Nbd7 7. Nxd7 Nxd7 8. d3 f6 9. Nd2 e5 10. e4 Be6 11. O-O Bd6 12. Bg4 Qe7 13. Bxe6 Qxe6 14. Qe2 O-O 15. c4 d4 16. a3 b6 17. Qd1 Rac8 18. b4 b5 19. Qb3 a6 20. c5 Qxb3 21. Nxb3 Bc7 22. a4 Ra8 23. a5 Rf7 24. f3 g5 25. Rf2 Kf8 26. Kf1 Ke7 27. Ke2 Nf8 28. Nd2 Ne6 29. g3 h5 30. Rg1 Rg8 31. Nf1 Rgg7 32. Bc1 h4 33. gxh4 gxh4 34. Rfg2 Rxg2+ 35. Rxg2 Rg7 36. Rg4 Rxg4 37. fxg4 Ng5 38. Nd2 Kf7 39. Nf3 Nxf3 40. Kxf3 Kg6 41. Kg2 Bd8 42. Kh3 Be7 43. Bd2 Bd8 44. Be1 Kg5 45. Bd2+ Kg6 46. Kxh4 f5+ 47. Kg3 fxe4 48. dxe4 Bg5 49. Bxg5 Kxg5 50. h4+ Kg6 51. g5 Kh5 52. Kf3 Kg6 53. Kg4 Kf7 54. h5 Kg7 55. g6 Kf6 56. Kg3 Kg7 57. Kf3 Kh6 58. Kg4 Kg7 59. Kg5 d3 60. h6+ Kf8 61. Kf6 Kg8 62. g7 Kh7 63. Kf7 Kxh6 64. g8=Q Kh5 65. Qg2 d2 66. Qxd2 1-0

[Event "Polish Youth Ekstraliga 2022"]
[Site "Lublin"]
[Date "2022.06.26"]
[Round "2.23"]
[White "Goraj, Barbara"]
[Black "Rejniak, Zuzanna"]
[Result "1-0"]
[ECO "C41"]
[WhiteElo "2035"]
[BlackElo "1804"]
[Annotator "NA RC"]
[PlyCount "73"]
[EventDate "2022.06.24"]
[EventType "team-tourn"]
[EventCountry "POL"]
[SourceTitle "playchess.com"]
[Source "ChessBase"]
[SourceQuality "1"]
[TimeControl "40/5400+30:1800+30"]

1. e4 d6 2. d4 Nf6 3. Nc3 e5 4. Nf3 Nbd7 5. Bc4 Be7 6. O-O O-O 7. a4 a6 8. h3 b6 9. dxe5 Nxe5 10. Bb3 Bb7 11. Re1 Nxf3+ 12. Qxf3 b5 13. Bd2 Bc6 14. Qd3 Nd7 15. Be3 Nc5 16. Bxc5 dxc5 17. Bd5 Bxd5 18. exd5 c4 19. Qf3 Bb4 20. axb5 axb5 21. Rxa8 Qxa8 22. Rd1 Bxc3 23. Qxc3 Rd8 24. Qe5 Rd6 25. Rd4 Qd8 26. c3 Qd7 27. h4 Ra6 28. g3 h6 29. Kg2 Ra2 30. d6 cxd6 31. Rxd6 Qb7+ 32. Kh2 Rxb2 33. Rd8+ Kh7 34. Qf5+ g6 35. Qf6 Rxf2+ 36. Qxf2 Qe7 37. Ra8 1-0

[Event "Polish Youth Ekstraliga 2022"]
[Site "Lublin"]
[Date "2022.06.26"]
[Round "2.24"]
[White "Walewska, Natalia"]
[Black "Jaros, Emilia"]
[Result "0-1"]
[ECO "C12"]
[WhiteElo "1179"]
[BlackElo "1366"]
[Annotator "NA RC"]
[PlyCount "98"]
[EventDate "2022.06.24"]
[EventType "team-tourn"]
[EventCountry "POL"]
[SourceTitle "playchess.com"]
[Source "ChessBase"]
[SourceQuality "1"]
[TimeControl "40/5400+30:1800+30"]

1. e4 e6 2. d4 d5 3. Nc3 Nf6 4. Bg5 Bb4 5. e5 h6 6. exf6 hxg5 7. fxg7 Rg8 8. Nf3 Qf6 9. Qd2 Qxg7 10. Be2 Nc6 11. O-O-O Bd7 12. g3 O-O-O 13. h4 gxh4 14. Rxh4 f6 15. Qe3 Ne7 16. Rdh1 Nf5 17. Qd3 Nxh4 18. Nxh4 Qg5+ 19. Kb1 Rh8 20. Rd1 a6 21. Qf3 Be8 22. Qd3 Rh6 23. Rf1 Bg6 24. Qd1 Bh7 25. Rh1 Bxc3 26. bxc3 Rd6 27. Ka1 Rc6 28. Qe1 Bxc2 29. Kb2 Bh7 30. Ka1 Rb6 31. f4 Qg7 32. Qf2 Qf8 33. Qe3 Qa3 34. Qd2 Be4 35. Rf1 c5 36. dxc5 Qxc5 37. Bd3 Rh7 38. Bxe4 dxe4 39. Rd1 Kb8 40. Qd8+ Ka7 41. Qd2 Rc7 42. Rc1 e3 43. Qe2 Qd4 44. Qe1 Qd2 45. Qxd2 exd2 46. Rd1 Rxc3 47. Rb1 Rxb1+ 48. Kxb1 d1=Q+ 49. Kb2 Qc1# 0-1

[Event "Polish Youth Ekstraliga 2022"]
[Site "Lublin"]
[Date "2022.06.26"]
[Round "2.25"]
[White "Kazmierowski, Tymon"]
[Black "Poltorak, Sebastian"]
[Result "0-1"]
[ECO "B12"]
[WhiteElo "2020"]
[BlackElo "2322"]
[Annotator "TA"]
[PlyCount "112"]
[EventDate "2022.06.24"]
[EventType "team-tourn"]
[EventCountry "POL"]
[SourceTitle "playchess.com"]
[Source "ChessBase"]
[SourceQuality "1"]
[TimeControl "40/5400+30:1800+30"]

1. e4 c6 2. d4 d5 3. e5 Bf5 4. h4 Qb6 5. h5 h6 6. g4 {[%emt 0:00:15] B12: Caro-Kann: Advance Variation.} Bd7 7. Nc3 e6 8. Na4 {[%emt 0:03:41] White is slightly better.} Qa5+ 9. c3 {[%emt 0:00:05] [#]} b5 $146 ({Predecessor:} 9... c5 10. Nxc5 Bxc5 11. dxc5 Qxc5 12. Be3 Qc7 13. f4 Ne7 14. Nf3 a6 15. Qb3 b5 {1-0 (39) Vitiugov,N (2721)-Popov,V (2528) Jurmala 2016}) 10. Nc5 Bxc5 11. dxc5 b4 12. Qd4 (12. a3 $5 ) 12... bxc3 13. b4 Qa4 14. Qxc3 {[%emt 0:00:53] Black must now prevent Qb3.} (14. Ne2 {feels hotter.} a5 15. a3 axb4 16. Rb1) 14... a5 15. Bd2 Bc8 16. Nf3 axb4 17. Qxb4 Ne7 18. Nd4 {[%emt 0:10:59] Against Qc2} Nd7 ({Better is} 18... Qxb4 $15 19. Bxb4 f6) 19. f4 $11 Qa7 20. Nb3 (20. Rh3 $15) 20... Ba6 21. Qd4 O-O 22. Bc3 Bc4 23. Bxc4 dxc4 24. Qxc4 Nd5 25. Rh2 (25. a4 $17 {might work better.}) 25... Qa4 26. Qxa4 Rxa4 27. Bd4 Nxf4 {[%cal Od7e5] Strongly threatening ...Nxe5!} 28. Rd2 Nd5 29. Kf2 $2 (29. Re2) 29... f6 $19 30. exf6 e5 31. Bb2 Rxg4 32. Re2 (32. Rf1 $142 N7xf6 33. Ke1) 32... Rxf6+ 33. Ke1 Nf4 34. Rd2 Rg1+ 35. Kf2 Rg2+ ({But not} 35... Nh3+ $2 36. Ke3 Rg3+ 37. Ke2 $19) 36. Ke1 Rg1+ (36... Rf5 $142 37. Rxg2 Nxg2+ 38. Kd1 Rxh5) 37. Kf2 {[%emt 0:00:03] [#]} Nh3+ {[%emt 0:01:19] Pair of Knights!} (37... Rg5 $142 $1 38. Ke1 Nd5) 38. Ke3 $2 (38. Ke2 {is the only way for White.}) 38... Rg3+ 39. Ke2 Nf4+ 40. Kd1 Nd5 41. Rc1 Kf7 42. Kc2 Nb4+ 43. Kb1 {[%emt 0:00:07] [#]} Nd3 $1 44. Rcd1 Rff3 45. Na5 N7xc5 46. Nxc6 e4 47. Bd4 Rf5 48. Re2 Rxh5 49. Rf1+ Ke6 50. Nb4 Kd6 (50... Nxb4 $2 51. Bxc5 Nxa2 52. Rxe4+ Kd5 53. Re3 Rxe3 54. Bxe3) 51. Nxd3 (51. a3 {was necessary.}) 51... exd3 ({Don't blunder} 51... Nxd3 $2 52. Rxe4 Rb5+ 53. Ka1 $19) 52. Re3 (52. Bxc5+ Kxc5 53. Re7) 52... Rxe3 {[%emt 0:01:39] Black is clearly winning.} 53. Bxe3 Ne4 54. Rf8 Rh1+ 55. Kb2 d2 56. Bxd2 Rh2 {[%emt 0:00:03] Weighted Error Value: White=0.44/Black=0.30} ({Don't go for} 56... Nxd2 $2 57. Rd8+ Kc5 58. Rxd2 $19) 0-1

[Event "Polish Youth Ekstraliga 2022"]
[Site "Lublin"]
[Date "2022.06.26"]
[Round "2.26"]
[White "Meers, Hubert"]
[Black "Grzadka, Artur"]
[Result "1-0"]
[ECO "B13"]
[WhiteElo "2013"]
[BlackElo "1718"]
[Annotator "NA RC"]
[PlyCount "75"]
[EventDate "2022.06.24"]
[EventType "team-tourn"]
[EventCountry "POL"]
[SourceTitle "playchess.com"]
[Source "ChessBase"]
[SourceQuality "1"]
[TimeControl "40/5400+30:1800+30"]

1. e4 c6 2. d4 d5 3. exd5 cxd5 4. Bd3 Nc6 5. c3 g6 6. Nf3 Bf5 7. Bxf5 gxf5 8. Bg5 Qc7 9. O-O e6 10. c4 Nce7 11. c5 Bg7 12. Nc3 a6 13. Qd2 Ng6 14. Rfe1 N8e7 15. b4 O-O 16. h4 Nc6 17. h5 Nge7 18. Bh6 f4 19. Bxf4 Qd8 20. Bd6 Re8 21. b5 axb5 22. Nxb5 Nf5 23. Nc7 Ncxd4 24. Nxd4 Nxd4 25. Nxa8 Qxa8 26. h6 Bf6 27. Be5 Bxe5 28. Rxe5 Nb3 29. Qg5+ Kf8 30. Qg7+ Ke7 31. Rxe6+ Kxe6 32. axb3 Qd8 33. Re1+ Kd7 34. Qxf7+ Re7 35. Qxd5+ Kc7 36. Qxd8+ Kxd8 37. Rxe7 Kxe7 38. g4 1-0

[Event "Polish Youth Ekstraliga 2022"]
[Site "Lublin"]
[Date "2022.06.26"]
[Round "2.27"]
[White "Przybylski, Jan"]
[Black "Zielonka, Adam"]
[Result "1/2-1/2"]
[ECO "B46"]
[WhiteElo "1694"]
[BlackElo "1988"]
[Annotator "RC"]
[PlyCount "133"]
[EventDate "2022.06.24"]
[EventType "team-tourn"]
[EventCountry "POL"]
[SourceTitle "playchess.com"]
[Source "ChessBase"]
[SourceQuality "1"]
[TimeControl "40/5400+30:1800+30"]

1. e4 c5 2. Nf3 e6 3. d4 cxd4 4. Nxd4 Nc6 5. Nc3 a6 6. Nxc6 bxc6 7. e5 Qc7 8. f4 d5 9. exd6 Bxd6 10. Ne4 Be7 11. Bd3 Nf6 12. O-O O-O 13. c4 Bb7 14. Qc2 h6 15. Be3 c5 16. Rad1 Rfd8 17. b3 Qc6 18. Nxf6+ Bxf6 19. Rf2 Rd6 20. Bh7+ Kh8 21. Rxd6 Qxd6 22. Be4 Bxe4 23. Qxe4 Rd8 24. Rd2 Qb6 25. Rxd8+ Bxd8 26. Qe5 Be7 27. h3 Bd6 28. Qc3 Kg8 29. Kh1 Be7 30. Qd2 Qc6 31. Qd3 f5 32. a3 Kf7 33. Bd2 Qb7 34. Kg1 g5 35. Kf2 Bf6 36. Qf3 Qxf3+ 37. Kxf3 e5 38. fxe5 Bxe5 39. g4 Bb2 40. gxf5 Bxa3 41. Ke4 Ke7 42. Be3 Kf6 43. Bd2 Bb2 44. Ba5 Ke7 45. Bc7 h5 46. Be5 Bxe5 47. Kxe5 Kf7 48. b4 cxb4 49. c5 b3 50. c6 b2 51. c7 b1=Q 52. c8=Q Qb5+ 53. Kd6 Qb6+ 54. Ke5 Qf6+ 55. Ke4 Qe7+ 56. Kd5 Kf6 57. Qxa6+ Kxf5 58. Qf1+ Kg6 59. Qd3+ Kg7 60. Qc3+ Qf6 61. Qc8 Qf7+ 62. Ke5 Qe7+ 63. Kf5 Qf6+ 64. Ke4 Kh6 65. Ke3 Kg6 66. Qc2+ Kh6 67. Ke4 1/2-1/2

[Event "Polish Youth Ekstraliga 2022"]
[Site "Lublin"]
[Date "2022.06.26"]
[Round "2.28"]
[White "Liskiewicz, Jakub"]
[Black "Terkiewicz, Bruno"]
[Result "0-1"]
[ECO "E41"]
[WhiteElo "1839"]
[BlackElo "1320"]
[Annotator "NA RC"]
[PlyCount "72"]
[EventDate "2022.06.24"]
[EventType "team-tourn"]
[EventCountry "POL"]
[SourceTitle "playchess.com"]
[Source "ChessBase"]
[SourceQuality "1"]
[TimeControl "40/5400+30:1800+30"]

1. d4 Nf6 2. c4 e6 3. Nc3 Bb4 4. e3 Bxc3+ 5. bxc3 c5 6. Bd3 d6 7. Nf3 Nc6 8. O-O O-O 9. d5 Ne7 10. dxe6 Bxe6 11. Qc2 h6 12. Rd1 Qc7 13. h3 d5 14. cxd5 Nexd5 15. a3 Ne7 16. c4 Nc6 17. Bb2 Nd7 18. Bh7+ Kh8 19. Qc3 f6 20. Bc2 Nde5 21. Nh4 Rfd8 22. Rd5 Ne7 23. f4 Nxc4 24. Rh5 Nxb2 25. Rxh6+ Kg8 26. Bh7+ Kf7 27. f5 gxh6 28. fxe6+ Kg7 29. Qc2 Qe5 30. Ng6 Qxe3+ 31. Kh1 Qxe6 32. Rb1 Rd1+ 33. Rxd1 Nxd1 34. Nxe7 Qxe7 35. Qg6+ Kh8 36. Bg8 Qg7 0-1

[Event "Polish Youth Ekstraliga 2022"]
[Site "Lublin"]
[Date "2022.06.26"]
[Round "2.29"]
[White "Bukala, Weronika"]
[Black "Zabrzanska, Weronika"]
[Result "1-0"]
[ECO "C77"]
[WhiteElo "1827"]
[BlackElo "1882"]
[Annotator "NA RC"]
[PlyCount "65"]
[EventDate "2022.06.24"]
[EventType "team-tourn"]
[EventCountry "POL"]
[SourceTitle "playchess.com"]
[Source "ChessBase"]
[SourceQuality "1"]
[TimeControl "40/5400+30:1800+30"]

1. e4 e5 2. Nf3 Nc6 3. Bb5 a6 4. Ba4 Nf6 5. d3 b5 6. Bb3 Bc5 7. c3 d6 8. O-O O-O 9. Nbd2 h6 10. h3 Ba7 11. Re1 Ne7 12. Nf1 Ng6 13. Ng3 Nh7 14. d4 Re8 15. Bd5 Rb8 16. a4 b4 17. Qb3 Qe7 18. cxb4 exd4 19. Nf5 Qf6 20. N5xd4 Ne5 21. Nc6 Nxc6 22. Bxc6 Re5 23. Be3 Bxe3 24. Qxe3 Rh5 25. e5 Qg6 26. Be4 Qe6 27. exd6 Ng5 28. Nxg5 Rxg5 29. dxc7 Rxb4 30. Rad1 g6 31. Qc3 Kh7 32. Rd8 Qe5 33. Bxg6+ 1-0

[Event "Polish Youth Ekstraliga 2022"]
[Site "Lublin"]
[Date "2022.06.27"]
[Round "3.1"]
[White "Poltorak, Sebastian"]
[Black "Czopor, Maciej"]
[Result "0-1"]
[ECO "D35"]
[WhiteElo "2322"]
[BlackElo "2425"]
[Annotator "TA"]
[PlyCount "120"]
[EventDate "2022.06.24"]
[EventType "team-tourn"]
[EventCountry "POL"]
[SourceTitle "playchess.com"]
[Source "ChessBase"]
[SourceQuality "1"]
[TimeControl "40/5400+30:1800+30"]

1. d4 Nf6 2. c4 e6 3. Nc3 d5 4. cxd5 exd5 5. Bg5 c6 6. e3 Bd6 7. Bd3 O-O 8. Qc2 {[%emt 0:00:36][%cal Od3h7] D35: Queen's Gambit Declined: Exchange Variation.} h6 9. Bh4 Re8 10. Nge2 {[%emt 0:02:41] The position is equal.} a5 11. h3 Na6 12. a3 {[%emt 0:00:53] Inhibits Nb4.} Nc7 13. O-O Ne6 14. Bg3 {[%emt 0:08:56] 14.f4 is becoming the main line.} Ng5 15. Bxd6 Qxd6 16. Bf5 Bxf5 17. Qxf5 Nge4 {[%emt 0:00:07] [#]} 18. Rfe1 $146 ({Predecessor:} 18. Rfd1 a4 19. Na2 Re6 20. Rac1 Qe7 21. Nec3 Re8 22. Nxa4 Nd7 23. Rc2 Rf6 24. Qh5 Nxf2 25. Rxf2 Rxf2 26. Kxf2 Qxe3+ 27. Kf1 Re6 {0-1 (27) Neurohr,J (2022)-Andre,G (2373) Magdeburg 2020}) 18... a4 19. Nxe4 Nxe4 20. Nc3 (20. Nf4 $11) 20... Nxc3 $15 21. bxc3 b5 22. Qb1 Re4 23. Qb4 (23. f3 $15 Re6 24. e4) 23... Qe6 $17 24. Kh2 Re8 25. Rg1 Qf5 26. Qb2 h5 27. g3 h4 28. g4 Qf6 (28... Qf3 {keeps more tension.} 29. Rg2 g5 30. Rgg1 Qf6) 29. Rg2 Qd6+ 30. Kh1 Qd7 31. Rag1 g5 32. Qb4 R8e6 33. Qb2 Rf6 34. Rh2 Kg7 35. Ra1 Qe7 36. Qe2 Rfe6 37. Rg2 Kh6 38. Rgg1 Qf8 39. Qf3 {[%emt 0:00:09] [#]} (39. Ra2 $17) 39... f5 $1 $19 40. gxf5 Rf6 41. Qg2 Rxf5 {[%emt 0:01:44] Strongly threatening ...Qf6. Active counter play!} 42. Ra2 $2 (42. Rae1 {might work better.} Qf6 43. f4) 42... Qf6 43. Rb2 Rf3 44. Ra2 Qf5 45. Kh2 Kh5 46. Re2 g4 47. hxg4+ Rxg4 {[%emt 0:00:03] Chess con chili.} 48. Qxg4+ Qxg4 49. Rxg4 Kxg4 {[%emt 0:00:04][%mdl 4096] Endgame KR-KR} 50. Kg2 (50. Kg1 $142 h3 51. Re1) 50... h3+ 51. Kf1 Kf5 {[%emt 0:01:33] White must now prevent ...Ke4.} 52. Re1 {[%emt 0:00:03] Hoping for Ke2.} h2 53. Kg2 Ke4 54. Rf1 (54. Rh1 $142 Rf6 55. Rxh2 Rg6+ 56. Kf1) 54... Rf6 {[%emt 0:00:32] aiming for ...Rg6+. Black is clearly winning.} 55. Kxh2 Kf3 {[%emt 0:01:06] ...Rh6+ is the strong threat.} 56. Kh1 Rh6+ 57. Kg1 Ke2 {[%emt 0:00:35] ( -> ...Rg6+)} 58. Rb1 Rg6+ {[%emt 0:00:07][%mdl 64] [#] Deflection} 59. Kh2 Kxf2 60. Kh3 Rg3+ {[%emt 0:01:10] Weighted Error Value: White=0.53/Black=0.08 (flawless)} 0-1